Map: [ESL] Equilibrium

Players

Cyan

  • Race: Protoss Protoss
  • Spawn Location: 1:00

Oliveira - Winner!

  • Race: Terran Terran
  • Spawn Location: 11:00

Event: ESL SC2 Masters 2023 Winter (Regional)

VOD

Have the link to the VOD?

Description

Time

  • Played on: Nov. 18, 2023, 7:23 a.m.
  • Length: 23:36

All games in this series

Show
View Real Time Build Order
Export as new Build Order

Cyan Protoss 

Build Orders: 1 Gate Expand, Blink Stalkers 

Get SALT Encoding   

  12  0:00  Probe  
  13  0:12  Probe  
  14  0:18  Pylon  
  14  0:24  Probe (Chrono Boost)  
  15  0:36  Probe (Chrono Boost)  
  15  0:38  Gateway  
  16  0:45  Probe (Chrono Boost)  
  16  0:47  Assimilator  
  17  0:51  Probe  
  18  1:03  Probe  
  19  1:15  Probe  
  20  1:25  Cybernetics Core  
  20  1:31  Nexus  
  20  1:34  Probe  
  21  1:41  Pylon  
  21  1:46  Probe  
  22  1:48  Assimilator  
  22  1:58  Adept (Chrono Boost)  
  22  1:59  Probe  
  23  2:01  Warp Gate  
  25  2:11  Probe  
  26  2:20  Twilight Council  
  26  2:23  Probe (Chrono Boost)  
  29  2:35  Probe (Chrono Boost)  
  30  2:39  Stalker  
  30  2:42  Probe (Chrono Boost)  
  31  2:48  Probe  
  31  2:49  Probe  
  32  2:52  Blink (Chrono Boost)  
  32  3:00  Probe  
  32  3:01  Probe  
  34  3:09  Gateway  
  34  3:11  Shield Battery  
  32  3:13  Stalker  
  35  3:20  Gateway  
  35  3:25  Gateway  
  34  3:27  Probe  
  34  3:28  Probe  
  36  3:36  Pylon  
  36  3:39  Probe  
  36  3:40  Probe  
  38  3:48  Robotics Facility  
  38  3:51  Probe  
  38  3:52  Stalker  
  38  3:53  Probe  
  41  4:03  Probe  
  41  4:04  Stalker  
  41  4:05  Probe  
  41  4:09  Unknown  
  45  4:13  Pylon  
  45  4:15  Probe  
  45  4:16  Stalker x2  
  50  4:20  Stalker  
  50  4:22  Probe  
  53  4:27  Probe  
  54  4:32  Stalker  
  54  4:34  Probe  
  56  4:43  Stalker  
  47  4:46  Probe  
  47  4:50  Stalker  
  47  4:51  Probe  
  41  4:53  Stalker  
  41  4:58  Probe  
  39  5:03  Probe  
  40  5:08  Warp Prism (Chrono Boost)  
  40  5:10  Probe  
  43  5:15  Probe  
  44  5:22  Probe (Chrono Boost)  
  44  5:26  Nexus  
  46  5:29  Pylon  
  46  5:31  Probe (Chrono Boost)  
  46  5:35  Probe (Chrono Boost)  
  47  5:37  Observer  
  49  5:43  Probe x2 (Chrono Boost)  
  49  5:46  Templar Archives  
  50  5:52  Probe  
  49  5:59  Stalker  
  49  6:00  Stalker x3  
  57  6:04  Probe x2  
  57  6:09  Psionic Storm  
  59  6:13  Pylon  
  59  6:16  Probe x2  
  59  6:28  Probe  
  59  6:29  Probe  
  61  6:36  Gateway  
  61  6:38  Gateway  
  61  6:42  Gateway, High Templar x2  
  61  6:43  Gateway, Probe  
  67  6:47  Probe  
  67  7:00  Probe  
  65  7:02  Probe  
  65  7:05  High Templar  
  65  7:06  Forge  
  65  7:07  Pylon  
  68  7:08  High Templar  
  68  7:09  Probe  
  68  7:11  Shield Battery  
  68  7:12  Assimilator, Shield Battery  
  68  7:13  Pylon  
  68  7:15  Probe  
  72  7:16  Probe  
  72  7:19  Pylon  
  72  7:22  High Templar, Zealot  
  75  7:25  Pylon  
  75  7:29  Probe  
  78  7:32  Probe x2  
  78  7:33  Pylon  
  78  7:34  Protoss Ground Armor Level 1 (Chrono Boost)  
  80  7:37  Pylon  
  80  7:44  Zealot x3  
  80  7:45  Zealot  
  80  7:47  High Templar  
  80  7:49  Probe  
  91  7:52  Pylon  
  91  7:53  Probe  
  91  7:57  Probe  
  93  8:07  Probe  
  94  8:12  Forge  
  94  8:15  Robotics Bay  
  94  8:19  Assimilator  
  94  8:20  Nexus  
  94  8:21  Pylon x2  
  94  8:25  Immortal (Chrono Boost)  
  94  8:30  Stalker x2  
  102  8:35  Zealot x2, Charge (Chrono Boost)  
  102  8:40  Zealot x2  
  104  8:49  Protoss Ground Weapons Level 1 (Chrono Boost)  
  104  8:54  Zealot x4  
  115  9:09  Probe  
  115  9:11  Shield Battery  
  115  9:12  High Templar  
  115  9:13  Zealot x3  
  123  9:19  Probe  
  124  9:28  Robotics Facility  
  121  9:37  Robotics Facility  
  121  9:38  Zealot x5  
  124  9:39  Pylon  
  124  9:44  Protoss Ground Armor Level 2 (Chrono Boost)  
  124  9:48  Gateway, Zealot x3  
  130  9:59  Probe x2  
  132  10:01  Probe  
  133  10:13  High Templar x2, Zealot x2  
  133  10:14  Zealot x2  
  137  10:17  Disruptor (Chrono Boost)  
  133  10:32  Archon  
  107  10:37  Colossus (Chrono Boost)  
  105  10:49  Stalker x3, Probe x3  
  114  10:53  Protoss Ground Weapons Level 2 (Chrono Boost)  
  113  11:01  Probe x3  
  116  11:07  Observer  
  117  11:14  Photon Cannon  
  117  11:15  Nexus  
  115  11:19  Zealot x2  
  115  11:24  Observer, Probe  
  121  11:27  Zealot, Assimilator  
  121  11:31  Assimilator  
  123  11:35  Observer  
  123  11:36  Probe  
  125  11:41  Probe  
  125  11:45  Observer, Probe  
  126  11:48  Extended Thermal Lance  
  123  11:56  Probe  
  124  12:02  Probe  
  124  12:03  Colossus (Chrono Boost)  
  137  12:16  Zealot, Stalker  
  137  12:18  Colossus (Chrono Boost)  
  137  12:20  Zealot x3  
  146  12:24  Dark Shrine  
  146  12:30  Probe  
  146  12:31  Probe  
  146  12:32  Protoss Ground Armor Level 3 (Chrono Boost)  
  148  12:39  Zealot x3  
  148  12:48  Probe x3  
  149  12:51  Probe  
  149  12:52  Photon Cannon  
  149  12:55  Photon Cannon, Pylon  
  149  12:58  Colossus  
  150  13:02  Probe  
  155  13:10  Protoss Ground Weapons Level 3 (Chrono Boost)  
  155  13:11  Probe  
  142  13:13  Pylon, Probe x2  
  142  13:14  Probe  
  145  13:24  Probe  
  145  13:25  Probe  
  145  13:26  Stalker x4  
  151  13:32  Disruptor  
  155  13:39  Probe x3  
  155  13:41  Shield Battery  
  158  13:43  Shield Battery  
  158  13:47  Zealot x3  
  164  13:49  Zealot  
  166  13:59  Stalker  
  166  14:00  Stalker x3  
  174  14:08  Probe  
  174  14:09  Disruptor  
  173  14:13  Probe  
  173  14:14  Shadow Stride  
  176  14:30  Gateway  
  176  14:31  Zealot  
  176  14:32  Gateway  
  176  14:34  Dark Templar  
  176  14:37  Pylon  
  180  14:40  Pylon  
  180  14:41  Pylon  
  178  14:49  Zealot x2  
  175  15:03  Stalker x4  
  181  15:10  Protoss Shields Level 1 (Chrono Boost)  
  181  15:14  Observer (Chrono Boost)  
  180  15:22  Immortal (Chrono Boost)  
  180  15:26  Robotics Facility  
  184  15:30  Nexus, Pylon  
  184  15:32  Immortal (Chrono Boost)  
  184  15:33  Pylon  
  188  15:37  Gravitic Boosters (Chrono Boost)  
  184  15:50  Dark Templar x4  
  184  15:51  Dark Templar x4  
  200  16:01  Archon  
  188  16:09  High Templar  
  188  16:11  Immortal x2  
  181  16:16  High Templar  
  183  16:21  Assimilator  
  183  16:25  Assimilator  
  183  16:29  Probe  
  184  16:40  Nexus, Pylon  
  184  16:42  Pylon  
  184  16:43  Pylon  
  175  16:50  Observer x2 (Chrono Boost)  
  161  17:01  Zealot x6  
  161  17:02  Zealot x4  
  181  17:09  Immortal (Chrono Boost), Probe  
  181  17:11  Observer (Chrono Boost)  
  191  17:18  Immortal (Chrono Boost)  
  191  17:22  Stalker x3  
  196  17:33  Zealot  
  198  17:42  Nexus  
  198  17:46  Pylon  
  198  17:47  Pylon  
  198  17:49  Immortal x2  
  186  17:59  Dark Templar x3  
  186  18:00  Zealot x4  
  186  18:02  Nexus  
  186  18:04  Photon Cannon  
  186  18:05  Shield Battery  
  200  18:06  Photon Cannon, Pylon  
  200  18:09  Shield Battery  
  200  18:10  Protoss Shields Level 2 (Chrono Boost)  
  196  18:30  Disruptor (Chrono Boost)  
  196  18:31  Disruptor (Chrono Boost), Archon  
  166  18:35  Zealot x6  
  154  18:42  Disruptor (Chrono Boost)  
  158  18:51  High Templar x2  
  162  18:58  Disruptor (Chrono Boost)  
  162  18:59  Adept x2  
  170  19:03  Probe x4  
  170  19:04  Disruptor (Chrono Boost), Assimilator  
  170  19:07  Assimilator  
  178  19:12  Disruptor (Chrono Boost)  
  178  19:13  Zealot  
  182  19:31  Adept  
  182  19:32  Adept  
  182  19:34  Probe x2  
  182  19:35  Shield Battery  
  182  19:37  Photon Cannon  
  186  19:38  Pylon  
  186  19:57  Stalker x7  
  196  20:02  Dark Templar x3  
  186  20:15  Observer  
  186  20:20  Adept  
  186  20:21  Adept  
  188  20:22  Nexus  
  188  20:26  Shield Battery  
  188  20:32  Photon Cannon  
  188  20:35  Pylon  
  188  20:36  Nexus  
  188  20:49  Zealot x6  
  198  21:01  Stalker x4  
  195  21:05  Stargate  
  185  21:18  Dark Templar x5  
  185  21:19  Dark Templar  
  194  21:29  Zealot  
  194  21:30  Zealot x3  
  175  21:50  Stalker x6  
  175  21:51  Stalker x3  
  189  21:57  Nexus  
  189  22:00  Pylon  
  185  22:11  Stalker  
  162  22:27  Stalker x6  
  138  22:51  Probe  
  131  22:54  Stalker x4  
  131  22:55  Stalker  
  118  23:15  Zealot, Stalker  
  118  23:16  Zealot  
  112  23:25  Stalker  
Show
View Real Time Build Order
Export as new Build Order

Oliveira Terran - Winner!

Build Orders: Cyclone Opening 

Get SALT Encoding   

  12  0:00  SCV  
  13  0:12  SCV  
  14  0:17  Supply Depot  
  14  0:24  SCV  
  15  0:38  SCV  
  15  0:41  Barracks  
  16  0:43  Refinery  
  16  0:50  SCV  
  17  1:02  SCV  
  18  1:15  SCV  
  19  1:27  Marine  
  19  1:28  Orbital Command  
  20  1:39  Command Center  
  20  1:49  Factory  
  20  1:54  SCV  
  21  2:03  Barracks Reactor  
  21  2:04  Refinery  
  21  2:06  SCV  
  22  2:10  Supply Depot  
  22  2:18  SCV  
  23  2:31  SCV  
  23  2:33  Cyclone  
  26  2:40  Marine x2  
  28  2:45  SCV, Starport  
  28  2:51  Orbital Command  
  29  2:57  SCV  
  30  2:59  Marine x2  
  30  3:05  Cyclone  
  34  3:10  SCV  
  35  3:16  SCV  
  36  3:20  Marine x2  
  36  3:22  SCV  
  36  3:23  Medivac  
  41  3:27  Supply Depot  
  41  3:30  SCV  
  41  3:34  SCV  
  43  3:37  Factory Tech Lab  
  43  3:38  Marine x2  
  45  3:42  SCV  
  45  3:45  Bunker  
  46  3:49  SCV  
  46  3:52  Supply Depot  
  46  3:55  Starport Tech Lab  
  47  3:56  SCV  
  47  4:00  Siege Tank  
  47  4:01  Marine x2, SCV  
  54  4:13  SCV x2  
  54  4:14  Raven  
  54  4:16  Supply Depot  
  58  4:21  Interference Matrix  
  58  4:23  Barracks, Marine  
  58  4:24  Marine  
  60  4:25  SCV x2  
  61  4:38  SCV x2  
  61  4:41  Marine x2  
  57  4:46  Siege Tank  
  57  4:50  SCV  
  62  4:52  SCV  
  62  4:56  Engineering Bay  
  62  4:58  Barracks  
  62  4:59  Marine x2  
  62  5:02  SCV  
  62  5:04  Refinery  
  62  5:05  SCV  
  62  5:06  Supply Depot, Refinery  
  60  5:11  Barracks Tech Lab  
  60  5:14  SCV  
  60  5:16  Bunker  
  60  5:17  Reaper, SCV  
  62  5:25  Siege Tank  
  62  5:26  SCV  
  66  5:29  Marine x2, SCV  
  69  5:36  Supply Depot x2  
  69  5:37  Stimpack  
  69  5:38  SCV  
  69  5:41  SCV  
  71  5:47  Marine  
  72  5:50  Marauder, SCV  
  72  5:51  Marine  
  72  5:53  Starport Reactor  
  72  5:54  SCV  
  73  6:02  Terran Infantry Weapons Level 1, SCV  
  74  6:05  Command Center  
  74  6:06  SCV  
  74  6:08  Marine  
  75  6:14  SCV, Marine  
  75  6:15  Marauder  
  75  6:17  Factory Reactor, Marauder  
  81  6:18  Supply Depot  
  78  6:26  Marine  
  78  6:30  SCV  
  78  6:31  SCV  
  78  6:32  Marine  
  80  6:34  Medivac  
  80  6:35  Combat Shield  
  80  6:36  Marauder  
  80  6:38  Marine  
  85  6:44  Supply Depot  
  85  6:49  Marine  
  84  6:54  Barracks, Marine  
  84  6:55  Barracks  
  84  6:56  Marauder  
  84  6:57  Marine  
  84  7:00  Medivac  
  89  7:02  Widow Mine x2  
  89  7:03  SCV  
  89  7:06  Marine  
  89  7:07  Supply Depot  
  95  7:09  Viking  
  95  7:11  SCV  
  95  7:14  Marine  
  99  7:16  Marauder  
  99  7:18  Marauder  
  99  7:20  SCV  
  104  7:27  Marine  
  104  7:28  Widow Mine x2  
  109  7:33  Viking  
  109  7:34  Missile Turret, SCV  
  109  7:35  SCV  
  113  7:37  Marauder  
  113  7:38  Ghost Academy  
  113  7:39  Marine  
  113  7:43  Orbital Command  
  116  7:47  Barracks Reactor  
  116  7:48  SCV x2  
  116  7:51  Marine, Marauder  
  120  7:55  Marauder  
  122  8:02  SCV  
  122  8:05  Marauder, Marine  
  120  8:08  SCV  
  120  8:09  Marine  
  120  8:10  Widow Mine  
  120  8:11  SCV, Widow Mine  
  127  8:14  SCV  
  127  8:17  Supply Depot  
  127  8:18  Ghost, Supply Depot  
  130  8:23  Ghost  
  130  8:25  Marine  
  133  8:31  Supply Depot  
  133  8:38  Viking x2, Marine x2  
  139  8:47  Marine x2  
  139  8:48  Marauder  
  140  8:51  Ghost  
  140  8:53  SCV  
  140  8:54  Supply Depot  
  143  8:55  Supply Depot  
  143  9:02  Marine  
  143  9:05  SCV  
  143  9:06  Marine x2  
  143  9:07  SCV x2, Marauder  
  149  9:10  Refinery x2  
  149  9:15  Armory, Engineering Bay  
  149  9:16  Terran Infantry Armor Level 1  
  149  9:17  SCV  
  149  9:23  Ghost  
  152  9:32  Ghost  
  152  9:36  Ghost  
  152  9:37  Marine  
  157  9:39  Widow Mine x2  
  157  9:43  Viking x2  
  157  9:45  SCV x2  
  168  9:47  Marine  
  168  9:51  Marine  
  170  9:59  Command Center, SCV  
  170  10:04  Supply Depot  
  170  10:08  Terran Infantry Weapons Level 2  
  170  10:12  Concussive Shells  
  170  10:13  SCV x2  
  168  10:16  Marine  
  168  10:17  Marauder  
  169  10:25  Marauder, Marine x2  
  156  10:34  Marine  
  156  10:35  Marauder  
  124  10:36  Widow Mine  
  124  10:37  Ghost  
  118  10:43  Marine  
  118  10:44  Marine  
  118  10:45  Widow Mine, Medivac x2  
  118  10:46  Ghost  
  118  10:49  SCV  
  124  10:50  Marine  
  124  10:55  Marine  
  124  10:56  Marauder  
  122  10:59  Widow Mine  
  122  11:01  Marine  
  122  11:04  Marine  
  126  11:07  Marauder  
  126  11:08  Marine  
  126  11:09  Widow Mine  
  131  11:13  Marine  
  131  11:14  Ghost  
  131  11:17  Sensor Tower, Marine  
  131  11:18  Medivac x2  
  139  11:21  Terran Infantry Armor Level 2  
  139  11:23  Marine  
  140  11:27  SCV  
  140  11:28  Marauder  
  140  11:29  Marine  
  140  11:32  Widow Mine  
  145  11:35  Marauder  
  145  11:39  Marine x2  
  146  11:42  Planetary Fortress  
  146  11:44  Marauder  
  146  11:48  Viking x2  
  146  11:52  Marauder, Marine x2  
  146  11:53  SCV  
  146  11:54  SCV x2  
  155  11:58  Marauder, Marine  
  155  12:00  Terran Ship Weapons Level 1, Marine  
  155  12:04  Marine  
  155  12:05  SCV  
  155  12:06  SCV x2  
  157  12:13  Marine x2  
  157  12:14  Marauder  
  160  12:19  Viking x2  
  162  12:25  Terran Infantry Weapons Level 3, SCV  
  162  12:26  SCV  
  162  12:29  Marauder x2  
  168  12:35  Marauder  
  168  12:36  Marine x2  
  171  12:38  Missile Turret  
  171  12:40  Missile Turret  
  169  12:48  Marine  
  169  12:50  Marauder x2, SCV x2  
  176  12:55  Barracks  
  176  12:56  Barracks x2  
  176  12:57  Marauder  
  178  12:59  Missile Turret x2, Marine  
  176  13:13  Viking x2  
  176  13:15  Marine x2  
  176  13:16  Marauder, Marine x2  
  184  13:20  Marauder, Marine  
  186  13:30  Command Center  
  186  13:33  Marine  
  185  13:34  Ghost  
  185  13:35  Marine x2  
  185  13:38  Marauder  
  191  13:45  Marauder, Marine  
  191  13:46  Barracks Reactor  
  191  13:47  Barracks Tech Lab x2  
  194  13:48  Terran Infantry Armor Level 3  
  194  13:55  Marine  
  195  13:57  Terran Ship Weapons Level 2  
  195  14:04  Ghost, Supply Depot  
  195  14:12  Refinery x2  
  195  14:18  Ghost  
  195  14:21  Ghost  
  195  14:26  Viking x2  
  199  14:33  Fusion Core, Starport  
  199  14:51  Ghost  
  199  14:59  Ghost x2  
  199  15:13  Caduceus Reactor  
  199  15:19  Starport Reactor  
  199  15:27  Command Center  
  199  15:29  Neosteel Armor  
  199  15:30  Command Center  
  199  15:34  Sensor Tower  
  199  15:36  Unknown  
  199  15:39  Planetary Fortress  
  199  15:41  Missile Turret  
  183  16:13  Medivac x3  
  183  16:14  Ghost x3, Medivac  
  183  16:18  Command Center  
  185  16:20  Command Center  
  185  16:21  Sensor Tower  
  185  16:25  Hi-Sec Auto Tracking  
  185  16:26  Advanced Ballistics  
  185  16:28  Terran Ship Weapons Level 3  
  185  16:29  Marine  
  186  16:37  Command Center  
  186  16:39  Command Center  
  185  16:48  Planetary Fortress  
  180  17:00  Ghost x2  
  182  17:02  Marauder x3  
  182  17:04  Liberator  
  191  17:13  Liberator  
  194  17:20  Planetary Fortress  
  194  17:23  Marauder  
  189  17:37  Refinery x2  
  189  17:38  Orbital Command  
  182  17:47  Planetary Fortress  
  182  17:48  Liberator  
  174  17:51  Marauder x2  
  174  17:52  Marauder x2  
  174  17:58  Liberator  
  185  18:09  Orbital Command x2  
  185  18:14  Liberator  
  185  18:18  Liberator  
  185  18:19  SCV x2  
  182  18:30  Marauder  
  182  18:31  Marauder, Marine x2  
  182  18:32  Liberator  
  167  18:36  Marine x2  
  167  18:37  Marauder  
  132  18:42  Marauder, Marine x3  
  132  18:47  Liberator  
  138  18:51  Marine  
  138  18:52  Marauder  
  138  18:53  Widow Mine  
  143  18:56  Marine  
  143  18:57  Ghost  
  143  18:59  SCV  
  143  19:02  Missile Turret  
  147  19:03  SCV  
  147  19:05  Missile Turret  
  147  19:07  SCV  
  149  19:11  Marauder  
  149  19:14  Cyclone  
  149  19:16  Marauder  
  155  19:17  Marine x2  
  155  19:20  Marauder  
  159  19:27  Liberator  
  159  19:28  SCV x3  
  165  19:32  Liberator, SCV  
  165  19:35  Marauder  
  171  19:41  Marine, Marauder x2  
  177  19:52  Reaper  
  177  19:57  Liberator x2  
  183  20:06  SCV  
  183  20:07  SCV  
  178  20:10  Liberator  
  178  20:12  Ghost  
  178  20:13  Marauder  
  168  20:15  SCV  
  168  20:18  SCV  
  165  20:23  Command Center  
  165  20:25  Medivac  
  165  20:27  Ghost  
  169  20:30  Ghost x2  
  170  20:40  Liberator  
  170  20:42  Liberator  
  176  20:48  Ghost  
  175  21:03  Marauder x2  
  175  21:04  Liberator  
  171  21:07  Widow Mine x2  
  174  21:12  Terran Vehicle And Ship Armor Level 1  
  174  21:17  Liberator  
  177  21:19  SCV  
  177  21:27  Liberator  
  177  21:28  Liberator  
  177  21:29  Marauder x2  
  177  21:30  Ghost, Marine  
  190  21:37  Marauder, Marine x2  
  192  21:47  Marine x2  
  192  21:48  Marauder  
  192  21:50  Marine  
  192  21:51  Marauder  
  192  21:52  Liberator  
  196  21:54  Marine x2  
  196  21:55  Marauder  
  200  22:08  Marauder, Marine  
  194  22:10  Ghost  
  196  22:21  Marauder, Marine x2  
  197  22:24  Marauder, Marine x2  
  197  22:28  Marine  
  197  22:29  Marauder  
  191  22:37  Command Center, Marauder, Marine  
  191  22:39  Marine  
  191  22:40  Marine  
  191  22:41  Marine  
  191  22:42  Command Center, Marine  
  191  22:43  Marauder  
  172  22:49  Marine x2, Medivac x2  
  172  22:50  Marauder x2  
  176  22:53  Liberator  
  176  22:54  Marine  
  179  23:01  Ghost  
  179  23:03  Marine  
  179  23:04  Marauder  
  170  23:07  Marine  
  170  23:08  Marauder  
  170  23:12  Marine x2  
  160  23:13  Marauder  
  160  23:15  Marine x2  
Tags
 
Add a new tag
Caveats
  • Supply blocks, unpowered buildings, or Contaminate may cause inaccurate times.
  • Supply counts are checked every 10 seconds.